[Event "*** Titled Tuesday 3|2 Blitz"]
[Site "Chess.com"]
[Date "2016.07.05"]
[Round "4"]
[White "Krupko_Alexey"]
[Black "StoreySniper"]
[Result "0-1"]
[WhiteElo "1995"]
[BlackElo "2342"]
[TimeControl "180+2"]
[EndTime "11:46:00 PDT"]
[Termination "StoreySniper won on time"]

1. e4 g6 2. d4 Bg7 3. Nc3 c5 4. dxc5 Bxc3+ 5. bxc3 Nc6 6. h4 Qa5 7. h5 Qxc5 8. hxg6 hxg6 9. Rxh8 Qxc3+ 10. Bd2 Qxh8 11.
Rb1 b6 12. Qf3 Bb7 13. Bc3 Ne5 14. Qg3 d6 15. f4 Nf6 16. fxe5 Nxe4 17. Qe3 Qh4+ 18.
g3 Nxg3 19. Nf3 Nxf1+ 20. Nxh4 Nxe3 21. exd6 exd6 22. Bf6 Kd7 23. Kd2 Nxc2 0-1

[Event "*** Titled Tuesday 3|2 Blitz"]
[Site "Chess.com"]
[Date "2016.07.05"]
[Round "4"]
[White "oskariot"]
[Black "josiwales"]
[Result "1-0"]
[WhiteElo "2276"]
[BlackElo "2127"]
[TimeControl "180+2"]
[EndTime "11:46:07 PDT"]
[Termination "oskariot won by resignation"]

1. e4 c5 2. Nf3 d6 3. d4 cxd4 4. Nxd4 Nf6 5. Nc3 g6 6. Be3 Bg7 7. f3 a6 8. Qd2 h5 9. Bc4 b5 10. Bb3 Bb7 11. O-O-O Nbd7 12. h3 Rc8 13. g4 Ne5 14. Kb1 Nfd7 15. f4 Nc4 16. Bxc4 Rxc4 17. f5 b4 18. Nd5 Nc5 19. Qe2 Bxd5 20. exd5 Rxd4 21. Bxd4 Bxd4 22. Rxd4 hxg4 23. fxg6 fxg6 24. Qxg4 Qd7 25. Qxg6+ Kd8 26. h4 a5 27. h5 Qe8 28.
Qxe8+ Kxe8 29. h6 Kf7 30. Rg4 Rh7 31. Rf1+ Ke8 32. Rg8+ Kd7 33. Rh1 1-0

[Event "*** Titled Tuesday 3|2 Blitz"]
[Site "Chess.com"]
[Date "2016.07.05"]
[Round "4"]
[White "LazovT"]
[Black "popov_m"]
[Result "1-0"]
[WhiteElo "2302"]
[BlackElo "2213"]
[TimeControl "180+2"]
[EndTime "11:46:55 PDT"]
[Termination "LazovT won by resignation"]

1. e4 e6 2. d4 d5 3. exd5 exd5 4. Bd3 Nf6 5. Ne2 c5 6. Bb5+ Nc6 7.
Nbc3 Be7 8. dxc5 Bxc5 9. O-O O-O 10. Bg5 Be6 11. Nf4 d4 12. Nxe6 fxe6 13. Ne4 Be7 14.
Re1 Qd5 15. Bxf6 Bxf6 16. Qe2 Ne5 17. Nxf6+ gxf6 18. f4 Ng6 19. Qxe6+ Qxe6 20. Rxe6 Nxf4 21. Re7 Rac8 22. Ba4 Kh8 23. Rf1 Ng6 24. Rxb7 Rb8 25. Rxa7 Rxb2 26. Bb3 Ne5 27. Rf4 d3 28. Rh4 Nf7 29.
cxd3 Ng5 30. Rf4 Re8 31. h4 Ne6 32. Rxf6 Nd4 33. Bc4 Rc2 34. Rff7 Nf3+ 35. Rxf3 1-0

[Event "*** Titled Tuesday 3|2 Blitz"]
[Site "Chess.com"]
[Date "2016.07.05"]
[Round "4"]
[White "cool64chess"]
[Black "LyonBeast"]
[Result "0-1"]
[WhiteElo "2216"]
[BlackElo "2739"]
[TimeControl "180+2"]
[EndTime "11:46:57 PDT"]
[Termination "LyonBeast won by resignation"]

1. d4 Nf6 2. Nf3 g6 3. g3 Bg7 4.
Bg2 O-O 5. O-O d6 6. c4 Nc6 7. Nc3 e5 8. e3 Qe7 9. b3 Bf5 10. Bb2 Rad8 11. Nh4 Bc8 12. Nd5 Nxd5 13. cxd5 Nb4 14. a3 Na6 15. Nf3 e4 16. Nd2 f5 17.
b4 Qf7 18. f3 exf3 19. Bxf3 Rde8 20. e4 fxe4 21. Bxe4 Qe7 22. Qb3 Bh3 23. Rfe1 Bh6 24. Bc3 Qf6 25. Rf1 Be3+ 26. Kh1 Bxf1 27. Rxf1 Qxf1+ 28.
Nxf1 Rxf1+ 29. Kg2 Rf2+ 30. Kh3 Rxe4 31. Qc4 h5 32. Qd3 g5 33. g4 Bf4 34. gxh5 Re3+ 0-1

[Event "*** Titled Tuesday 3|2 Blitz"]
[Site "Chess.com"]
[Date "2016.07.05"]
[Round "4"]
[White "Cayse"]
[Black "theprosecution1"]
[Result "1-0"]
[WhiteElo "2574"]
[BlackElo "2525"]
[TimeControl "180+2"]
[EndTime "11:47:01 PDT"]
[Termination "Cayse won by resignation"]

1. e4 c5 2. Nf3 d6 3. Bb5+ Bd7 4. Bxd7+ Qxd7 5. c4 Nf6 6. Nc3 g6 7. d4 cxd4 8. Nxd4 Bg7 9. f3 O-O 10. Be3 Nc6 11.
O-O a6 12. Na4 Qc7 13. Rc1 Nd7 14. b3 Rac8 15. Kh1 Nxd4 16. Bxd4 Nc5 17. Nc3 e6 18.
Bxg7 Kxg7 19. f4 f5 20. Qd4+ Kg8 21. Rcd1 Rcd8 22. exf5 gxf5 23. b4 Nd7 24. Rfe1 Rfe8 25. Re3 Nf8 26. Rde1 Rd7 27. Nd5 1-0

[Event "*** Titled Tuesday 3|2 Blitz"]
[Site "Chess.com"]
[Date "2016.07.05"]
[Round "4"]
[White "Blitzstream"]
[Black "Gajuchess"]
[Result "0-1"]
[WhiteElo "2503"]
[BlackElo "2533"]
[TimeControl "180+2"]
[EndTime "11:47:01 PDT"]
[Termination "Gajuchess won by resignation"]

1. d4 Nf6 2. Bg5 d5 3. Bxf6 gxf6 4. e3 c5 5. c3 Nc6 6. Nf3 e5 7. Be2 cxd4 8. exd4 Bg7 9. O-O O-O 10. Nbd2 e4 11. Ne1 f5 12. f4 Nxd4 13. cxd4 Bxd4+ 14. Kh1 Bxb2 15. Nb3 d4 16. Bc4 d3 17. Rb1 Bg7 18.
Nxd3 exd3 19. Rf3 Qc7 20. Rc1 Rd8 21. Bxd3 Qe7 22. Qc2 Be6 23. Bxf5 Rac8 24. Bxh7+ Kh8 25. Qe2 Bxb3 26. Rxc8 Qxe2 27. Rxd8+ Kxh7 28. Rh3+ Bh6 29. Rxh6+ Kxh6 0-1

[Event "*** Titled Tuesday 3|2 Blitz"]
[Site "Chess.com"]
[Date "2016.07.05"]
[Round "4"]
[White "FCChelsea14"]
[Black "evgenyermolaev"]
[Result "1-0"]
[WhiteElo "2411"]
[BlackElo "2247"]
[TimeControl "180+2"]
[EndTime "11:47:08 PDT"]
[Termination "FCChelsea14 won on time"]

1. Nf3 Nf6 2. c4 e6 3. Nc3 b6 4. g3 Bb7 5. Bg2 Be7 6. O-O O-O 7. Re1 d5 8. cxd5 Nxd5 9. Nxd5 Bxd5 10. e4 Bb7 11. d4 c5 12. d5 exd5 13. exd5 Bf6 14.
Ne5 Bxe5 15. Rxe5 Nd7 16. Re1 Nf6 17. d6 Bxg2 18. Kxg2 Qd7 19. Bf4 Qc6+ 20. Qf3 Qxf3+ 21. Kxf3 Rfd8 22. Rad1 Rd7 23. Bg5 Ne8 24. Be7 f6 25. Ke4 Rc8 26. Kd5 Kf7 27. a4 c4 28. b4 cxb3 29. Rc1 Rc5+ 30. Rxc5 bxc5 31. Kxc5 Rb7 32. a5 b2 33. Rb1 Ke6 34. Kc6 Rb3 35. Re1+ Kf7 36. d7 Rc3+ 37. Bc5 1-0

[Event "*** Titled Tuesday 3|2 Blitz"]
[Site "Chess.com"]
[Date "2016.07.05"]
[Round "4"]
[White "TyIerDurden"]
[Black "SavelijTartakover"]
[Result "1-0"]
[WhiteElo "2435"]
[BlackElo "2514"]
[TimeControl "180+2"]
[EndTime "11:47:14 PDT"]
[Termination "TyIerDurden won by resignation"]

1. Nf3 Nf6 2. g3 g6 3. Bg2 Bg7 4. O-O O-O 5. d3 d5 6. Nbd2 c5 7. c4 Nc6 8. cxd5 Nxd5 9. Nc4 b6 10. a3 Bb7 11. h3 e5 12. Bd2 a5 13. Rc1 a4 14. b3 axb3 15. Qxb3 Ra6 16. e4 Nde7 17. a4 Ba8 18. Kh2 Nc8 19. Rb1 Qc7 20. Rfc1 Rd8 21. h4 Nd4 22. Nxd4 Rxd4 23. Be3 Rd8 24.
Bd2 Bc6 25. a5 bxa5 26. Be3 a4 27. Qc3 Ba8 28. Bg5 f6 29. Be3 Kh8 30. Ra1 Nd6 31. Nxd6 Qxd6 32. Ra3 Bf8 33. Qc4 Bc6 34. Qxa6 Be8 35.
Qxd6 Bxd6 36. Bxc5 Bb5 37. Bxd6 Rxd6 38. Bf1 Kg7 39.
Rc7+ Kh6 40. Kh3 Bd7+ 41. Kg2 Bb5 42. f4 exf4 43. gxf4 Rd4 44. Kf3 Rb4 45. Rb7 Rb1 46. Be2 Rb4 47. Ke3 f5 48. d4 fxe4 49. Rxb5 1-0

[Event "*** Titled Tuesday 3|2 Blitz"]
[Site "Chess.com"]
[Date "2016.07.05"]
[Round "4"]
[White "Makalexa"]
[Black "FearlessKing64"]
[Result "1-0"]
[WhiteElo "2179"]
[BlackElo "2112"]
[TimeControl "180+2"]
[EndTime "11:47:15 PDT"]
[Termination "Makalexa won on time"]

1. e4 c5 2. Nf3 d6 3. d4 cxd4 4. Nxd4 Nf6 5. Nc3 a6 6. Bg5 e6 7. Qd2 Be7 8. O-O-O h6 9. Bxf6 Bxf6 10. f4 Qc7 11.
Kb1 Bd7 12. h4 Be7 13. f5 Nc6 14. fxe6 fxe6 15. Nf3 O-O-O 16. Bc4 Kb8 17. a3 Rc8 18. Ba2 Rhd8 19. g4 Rf8 20. Rh3 b5 21. e5 d5 22. Bxd5 exd5 23. Nxd5 Qb7 24. Nxe7 Nxe7 25. Qxd7 Rc7 26. Qd3 Nc6 27. e6 Rd8 28. Qe2 Re7 29.
Rxd8+ Nxd8 30. Nd4 Qd5 31. Rd3 Nxe6 32. Nf5 1-0

[Event "*** Titled Tuesday 3|2 Blitz"]
[Site "Chess.com"]
[Date "2016.07.05"]
[Round "4"]
[White "Izoria123"]
[Black "tigra"]
[Result "1-0"]
[WhiteElo "2593"]
[BlackElo "2420"]
[TimeControl "180+2"]
[EndTime "11:47:24 PDT"]
[Termination "Izoria123 won by resignation"]

1. d4 Nf6 2. Nf3 g6 3. Bf4 Bg7 4. e3 c5 5. c3 O-O 6. h3 d6 7. dxc5 dxc5 8. Qxd8 Rxd8 9. Nbd2 Nc6 10. Bb5 Bd7 11. O-O Nd5 12. Bh2 Na5 13. Be2 Rac8 14. Nb3 Nxb3 15. axb3 a6 16. Rfd1 Bf5 17.
Rd2 Nf6 18. Bc4 Ne4 19. Rdd1 Be6 20. Bxe6 fxe6 21. Kf1 Bf6 22. Ne5 Nd2+ 23. Ke2 Nxb3 24. Rab1 Na5 25. Rxd8+ Rxd8 26. Nd3 Nb3 27. Nc1 Nd2 28.
Ra1 Nc4 29. Nd3 Nxb2 30. Nxb2 Bxc3 31. Rd1 Rc8 32. Na4 Bg7 33. Nb6 Rc6 34. Rd8+ Kf7 35.
Nc4 b5 36. Na5 Rb6 37. Bc7 Rd6 38. Bxd6 exd6 39. Rd7+ Kf6 40. Rxd6 Ke5 41. Rxa6 Kd5 42. Rb6 1-0

[Event "*** Titled Tuesday 3|2 Blitz"]
[Site "Chess.com"]
[Date "2016.07.05"]
[Round "4"]
[White "Hikaru"]
[Black "Tonychess32"]
[Result "1-0"]
[WhiteElo "2996"]
[BlackElo "2414"]
[TimeControl "180+2"]
[EndTime "11:47:31 PDT"]
[Termination "Hikaru won on time"]

1. d4 d5 2. c4 e6 3. Nc3 Nf6 4. e3 Be7 5. cxd5 exd5 6. Bd3 O-O 7. Nf3 c6 8. O-O Re8 9. Ne5 Nbd7 10. f4 Nf8 11.
Qc2 Bd6 12. Bd2 h6 13. Be1 N6d7 14. Bf2 Be7 15. Rae1 Bh4 16. g3 Nxe5 17. fxe5 Bg5 18. Kg2 Qd7 19. Bg1 Qh3+ 20. Kh1 f6 21. exf6 Bxf6 22. e4 Be6 23. e5 Bg5 24. Ne2 Nd7 25. Nf4 Bxf4 26. gxf4 Bg4 27. Re3 Qh5 28. f5 Rf8 29. Rg3 Qh4 30. f6 gxf6 31. Bf5 h5 32.
Bxd7 f5 33. Bxf5 Kh8 34. Rf2 Rf7 35. Bxg4 Rg7 36. Rf4 Rag8 37. Qf5 hxg4 38. e6 Rg6 39. Qe5+ Kh7 40. Rf7+ R8g7 41. Qf5 1-0

[Event "*** Titled Tuesday 3|2 Blitz"]
[Site "Chess.com"]
[Date "2016.07.05"]
[Round "4"]
[White "BillieKimbah"]
[Black "yopino"]
[Result "0-1"]
[WhiteElo "2501"]
[BlackElo "2396"]
[TimeControl "180+2"]
[EndTime "11:47:33 PDT"]
[Termination "yopino won by resignation"]

1. d4 Nf6 2. Nf3 e6 3. c4 Bb4+ 4. Bd2 Qe7 5. g3 Nc6 6. Nc3 O-O 7. Bg2 d5 8. a3 Bxc3 9. Bxc3 Ne4 10. Nd2 Nxc3 11.
bxc3 Qd8 12. O-O Na5 13. cxd5 exd5 14. Qa4 c6 15. e4 Be6 16. e5 Re8 17. f4 Bf5 18. h3 Qb6 19. g4 Bd3 20. Rf3 Qb2 21. Rxd3 Qxa1+ 22. Bf1 Nc4 23. Nxc4 dxc4 24. Rf3 a5 25. Qxc4 Qxa3 26. f5 a4 27. g5 Qc1 28.
g6 hxg6 29. fxg6 Qg5+ 30. Kh2 Qxg6 31. Bd3 Qe6 32. Qb4 b5 33. Qa3 Qb3 34. Qc1 a3 35.
Qg5 a2 36. Qh4 a1=Q 37. Qh7+ Kf8 38. Qh8+ Ke7 39. Qxg7 Qbb2+ 40. Kg3 Qg1+ 0-1

[Event "*** Titled Tuesday 3|2 Blitz"]
[Site "Chess.com"]
[Date "2016.07.05"]
[Round "4"]
[White "Quiet_Desperation"]
[Black "Alliswell998"]
[Result "0-1"]
[WhiteElo "2185"]
[BlackElo "2173"]
[TimeControl "180+2"]
[EndTime "11:47:40 PDT"]
[Termination "Alliswell998 won by resignation"]

1. e4 c5 2. Nf3 d6 3. d4 cxd4 4.
Nxd4 Nf6 5. Nc3 a6 6. Be3 e5 7. Nb3 Be7 8. f3 Be6 9. Qd2 O-O 10. O-O-O a5 11. Nd5 Nxd5 12. exd5 Bf5 13. Kb1 a4 14.
Nc1 a3 15. b3 Na6 16. Bd3 Qd7 17. c4 Bxd3+ 18. Nxd3 f5 19. Nb4 Bd8 20. Nxa6 Rxa6 21. Qc2 Bb6 22. Bxb6 Rxb6 23. Rhe1 Ra6 24. Qc3 Rc8 25.
Qb4 Raa8 26. Rc1 Qc7 27. Red1 g6 28. Rc2 Qc5 29. Qxc5 Rxc5 30. b4 Rc7 31. c5 Ra4 32. Rc4 b5 33. Rh4 dxc5 34. d6 Rd7 35. Kc2 c4 36. g4 Ra6 37. gxf5 Raxd6 38. Rxd6 Rxd6 39. fxg6 hxg6 40. Re4 Rd5 41. h4 Kf7 42. f4 Kf6 43. fxe5+ Rxe5 44. Rd4 Re2+ 45. Kb1 Rb2+ 46. Kc1 0-1

[Event "*** Titled Tuesday 3|2 Blitz"]
[Site "Chess.com"]
[Date "2016.07.05"]
[Round "4"]
[White "Indianlad"]
[Black "ilya261991"]
[Result "1/2-1/2"]
[WhiteElo "2593"]
[BlackElo "2445"]
[TimeControl "180+2"]
[EndTime "11:47:53 PDT"]
[Termination "Game drawn by agreement"]

1. e4 c5 2. Nf3 d6 3. d4 Nf6 4. Nc3 cxd4 5. Nxd4 a6 6. Be2 e5 7. Nb3 Be7 8. O-O O-O 9. a4 Be6 10. Bf3 Nc6 11. Nd5 Bxd5 12. exd5 Nb8 13. a5 Nbd7 14. Ra4 b5 15. axb6 Nxb6 16. Ra5 Nc4 17. Ra2 Qb6 18.
Nd2 Rfc8 19. b3 Nxd2 20. Bxd2 e4 21. Be3 Qb7 22. Be2 Nxd5 23. Bd4 Nb4 24. Rb2 d5 25. c4 Nc6 26. Rd2 Bb4 27. cxd5 Bxd2 28. dxc6 Qb4 29. Bc4 Rxc6 30. Qg4 Rg6 31. Qxe4 Rf8 32. h4 Bc3 33. h5 Rh6 34. Be3 Rxh5 35. Rd1 Re5 36. Qh4 Qe7 37.
Qxe7 Rxe7 38. Bc5 Re1+ 39. Rxe1 Bxe1 40. Bxf8 Kxf8 41. Bxa6 Bb4 42. Kf1 Ke7 43. Ke2 Kd6 44. Bc4 f6 45. Bd3 h6 46. f4 g5 47. Kf3 gxf4 48. Kxf4 Bd2+ 49. Kf5 Bg5 50. b4 Kc6 51.
b5+ Kb6 52. g4 Kc7 53. Kg6 Kb6 54. Kh5 Kc7 55. Kg6 Kb6 56. Kf7 Kc7 57. Ke6 Kb6 58. Kd5 Bf4 59. Ke6 Bg5 60. Kd6 Bf4+ 61. Kd5 Bg5 62.
Ke6 Kc7 63. Kf5 Kb6 64. Kg6 Kc7 1/2-1/2

[Event "*** Titled Tuesday 3|2 Blitz"]
[Site "Chess.com"]
[Date "2016.07.05"]
[Round "4"]
[White "VerdeNotte"]
[Black "ftorodent"]
[Result "1-0"]
[WhiteElo "2635"]
[BlackElo "2378"]
[TimeControl "180+2"]
[EndTime "11:47:54 PDT"]
[Termination "VerdeNotte won on time"]

1. e4 e6 2. d4 d5 3. Nd2 c5 4. Ngf3 Nc6 5. Bb5 a6 6. exd5 axb5 7. dxc6 bxc6 8. dxc5 Bxc5 9. O-O Nf6 10. Ne5 Bd6 11.
Ndf3 Qc7 12. Bf4 Nd5 13. Bg3 O-O 14. c4 bxc4 15. Nxc4 Bxg3 16. hxg3 Ba6 17. b3 f6 18. Nd4 Rfe8 19. Rc1 Bxc4 20. Rxc4 Rxa2 21. Re1 e5 22.
Nxc6 Qf7 23. Rc5 Nb6 24. b4 Raa8 25. b5 e4 26. Qd4 Ra4 27. Qe3 Nd5 28. Qb3 Nb6 29. Qe3 Nd5 30. Qd2 Nb6 31. Rd1 e3 32. fxe3 Rae4 33. Nd8 Qb3 34. Rc3 Qa4 35. Rc6 1-0

[Event "*** Titled Tuesday 3|2 Blitz"]
[Site "Chess.com"]
[Date "2016.07.05"]
[Round "4"]
[White "twofoxniel"]
[Black "AdamHunt1"]
[Result "0-1"]
[WhiteElo "2516"]
[BlackElo "2387"]
[TimeControl "180+2"]
[EndTime "11:48:02 PDT"]
[Termination "AdamHunt1 won by checkmate"]

1. e4 c5 2. c3 Nf6 3. e5 Nd5 4.
d4 cxd4 5. cxd4 e6 6. Nf3 d6 7.
Bc4 Nc6 8. O-O Be7 9. Qe2 O-O 10. Rd1 Bd7 11. Bxd5 exd5 12. Nc3 Be6 13. Bf4 Rc8 14. Nb5 dxe5 15. dxe5 Qb6 16. a3 a6 17. Nd6 Rcd8 18. Rac1 Bxd6 19. exd6 Rfe8 20. Ng5 Bf5 21. Qf3 Be4 22.
Nxe4 dxe4 23. Qc3 Re6 24. b4 Qb5 25. Qc5 Qe2 26. d7 Qg4 27. Bc7 Rg6 28. Bg3 Rxd7 29. f3 exf3 30. gxf3 Rxd1+ 31. Rxd1 Qxf3 32. Re1 Re6 33. Rxe6 fxe6 34. Qb6 Qd1+ 35. Kg2 Qd5+ 36. Kh3 Nd4 37. Qc7 h5 38. Be5 Qf3+ 39. Bg3 Kh7 40. Qd7 Nf5 41. Qxe6 Qf1# 0-1

[Event "*** Titled Tuesday 3|2 Blitz"]
[Site "Chess.com"]
[Date "2016.07.05"]
[Round "4"]
[White "dretch"]
[Black "AvitalBor"]
[Result "1-0"]
[WhiteElo "2638"]
[BlackElo "2472"]
[TimeControl "180+2"]
[EndTime "11:48:07 PDT"]
[Termination "dretch won by resignation"]

1. d4 Nf6 2. c4 e6 3. Nc3 Bb4 4. Qc2 O-O 5. e4 d5 6. e5 Ne4 7.
Bd3 c5 8. Nf3 cxd4 9. Nxd4 Nd7 10. Bf4 Qh4 11. g3 Qh5 12. O-O g5 13. cxd5 gxf4 14. dxe6 fxe6 15. Nxe4 Nxe5 16. gxf4 Ng4 17. Nf3 Rxf4 18. Neg5 Rxf3 19. Nxf3 Qh3 20. Rad1 Qxf3 21. Bxh7+ Kf8 22. Rd8+ Ke7 23. Qc7+ Kf6 24. Rg8 Be7 25. Qc4 Ne5 26. Qd4 Qh5 27. f4 Bc5 28. fxe5+ 1-0

[Event "*** Titled Tuesday 3|2 Blitz"]
[Site "Chess.com"]
[Date "2016.07.05"]
[Round "4"]
[White "Alexander_Donchenko"]
[Black "viditchess"]
[Result "1/2-1/2"]
[WhiteElo "2588"]
[BlackElo "2522"]
[TimeControl "180+2"]
[EndTime "11:48:15 PDT"]
[Termination "Game drawn by repetition"]

1. Nf3 c5 2. c4 Nf6 3. Nc3 d5 4. cxd5 Nxd5 5. g3 Nc6 6. Bg2 Nc7 7. O-O e5 8. a3 Rb8 9. Rb1 f6 10. d3 Be7 11. Be3 O-O 12. b4 cxb4 13. axb4 b5 14. Nd2 Nd4 15. Nce4 Nd5 16. Bxd4 exd4 17. Nf3 Kh8 18. Nxd4 Rb6 19. Qd2 f5 20. Nc5 Bg5 21. Qb2 Ne3 22. Nc6 Qe8 23. fxe3 Bxe3+ 24. Kh1 Rxc6 25.
Bxc6 Qxc6+ 26. Rf3 f4 27. Ne4 Bg4 28. Rff1 f3 29.
Qe5 h6 30. h3 Bxh3 31. Rxf3 Rxf3 32. exf3 Qc2 33. Qe8+ Kh7 34. Nf6+ gxf6 35. Qf7+ Kh8 36.
Qf8+ Kh7 37. Qf7+ Kh8 38. Qf8+ Kh7 39. Qf7+ Kh8 1/2-1/2

[Event "*** Titled Tuesday 3|2 Blitz"]
[Site "Chess.com"]
[Date "2016.07.05"]
[Round "4"]
[White "kpio91"]
[Black "Ginger_GM"]
[Result "1-0"]
[WhiteElo "2555"]
[BlackElo "2504"]
[TimeControl "180+2"]
[EndTime "11:48:17 PDT"]
[Termination "kpio91 won by resignation"]

1. Nf3 f5 2. g3 Nf6 3. Bg2 d6 4. d4 e6 5. O-O Be7 6. c4 O-O 7. b3 Ne4 8. Bb2 Bf6 9. Nfd2 Nxd2 10.
Qxd2 e5 11. d5 a5 12. Nc3 Nd7 13. Rac1 Nc5 14. f4 exf4 15. gxf4 Re8 16. Nd1 Ne4 17.
Qc2 Bxb2 18. Qxb2 Bd7 19. Nc3 Qf6 20. Rfe1 Re7 21. Qc2 Nc5 22. e3 Rae8 23. Qd2 Kh8 24. Nd1 Ne4 25. Qxa5 Qh4 26. Rf1 b6 27. Qe1 Qh6 28. Nc3 Nf6 29. Rf3 Ng4 30. Qg3 Rxe3 31. h3 Rxf3 32. Bxf3 Re3 33. Nd1 Rd3 34. Nf2 Nxf2 35.
Kxf2 Qf6 36. Rc2 Qd4+ 37. Kg2 Rd1 38. Bxd1 Qxd1 39. Rf2 b5 40. Qg5 Qe1 41. Qd8+ Be8 42. cxb5 Qe4+ 43. Kh2 h6 44. b6 cxb6 45. Qxb6 Bh5 46.
Qd8+ Kh7 47. Qh4 Qe3 48. Qg3 Bf7 49. Qxe3 1-0

[Event "*** Titled Tuesday 3|2 Blitz"]
[Site "Chess.com"]
[Date "2016.07.05"]
[Round "4"]
[White "GianmarcoVaR"]
[Black "armago"]
[Result "1-0"]
[WhiteElo "2376"]
[BlackElo "2240"]
[TimeControl "180+2"]
[EndTime "11:48:20 PDT"]
[Termination "GianmarcoVaR won on time"]

1. d4 Nf6 2. Nf3 g6 3. c4 Bg7 4. g3 O-O 5. Bg2 c6 6. O-O d5 7. b3 a5 8. Nc3 Ne4 9. Bb2 Nxc3 10. Bxc3 dxc4 11. bxc4 c5 12. Rc1 Nc6 13. d5 Nb4 14. Bxg7 Kxg7 15. a3 Na6 16. e4 f6 17. e5 Bg4 18. h3 Bxf3 19. Qxf3 fxe5 20. Qc3 Qd6 21. Rfe1 Qf6 22. Qxe5 Qxe5 23. Rxe5 Rf7 24. Rb1 Rb8 25. Re6 Nc7 26. Reb6 Ne8 27. Rxb7 Rxb7 28. Rxb7 Nd6 29. Rc7 Nxc4 30. Rxc5 Nxa3 31. Rxa5 Nc4 32. Rc5 Nd6 33.
Rc7 Kf6 34. h4 h6 35. Bh3 Rf8 36. Rc1 g5 37. h5 Rb8 38. Re1 Nc4 39. Re6+ Kf7 40.
Rxh6 Ne5 41. Re6 Rb1+ 42. Kg2 Re1 43. Bg4 Re4 44. Bf5 Re1 45. f4 gxf4 46. gxf4 1-0

[Event "*** Titled Tuesday 3|2 Blitz"]
[Site "Chess.com"]
[Date "2016.07.05"]
[Round "4"]
[White "simplerXiao"]
[Black "Rock700chess"]
[Result "1-0"]
[WhiteElo "2318"]
[BlackElo "2213"]
[TimeControl "180+2"]
[EndTime "11:48:21 PDT"]
[Termination "simplerXiao won on time"]

1. e4 e5 2. Nc3 Nf6 3. g3 Nc6 4. Bg2 Bc5 5. Nge2 d6 6. d3 a6 7. h3 Be6 8. O-O O-O 9. g4 h6 10. Ng3 d5 11. Kh2 Qd7 12. f4 exf4 13. Bxf4 dxe4 14. Ncxe4 Nxe4 15. Nxe4 Bd4 16. c3 Be5 17. Bxe5 Nxe5 18. d4 Ng6 19. Qd2 Rae8 20. Rae1 b6 21. Qf2 Bxa2 22. Nd2 Bd5 23. Nf3 Qd6+ 24. Kg1 Nf4 25. Re5 Nxg2 26. Qxg2 Bxf3 27. Qxf3 Rxe5 28.
dxe5 Qxe5 29. Rf2 a5 30. Re2 Qc5+ 31. Kg2 Rd8 32. Kg3 Qd6+ 33. Kg2 Qd5 34. Re8+ Kh7 35.
Rxd8 Qxd8 36. Qxf7 Qd2+ 37. Kg3 Qd6+ 38. Kg2 Qc6+ 39.
Kg3 a4 40. Qf5+ Qg6 41. Qd7 Qd6+ 42. Qxd6 cxd6 43. Kf4 Kg6 44. h4 Kf6 45. c4 Ke6 46. Ke4 Kd7 47. Kd5 Kc7 48. g5 hxg5 49. hxg5 g6 50.
Ke6 Kc6 51. Kf6 Kc5 52. Kxg6 Kxc4 53. Kf6 d5 54. g6 d4 55. g7 d3 56. g8=Q+ 1-0

[Event "*** Titled Tuesday 3|2 Blitz"]
[Site "Chess.com"]
[Date "2016.07.05"]
[Round "4"]
[White "annakantane"]
[Black "thymathgeek"]
[Result "1-0"]
[WhiteElo "2269"]
[BlackElo "2069"]
[TimeControl "180+2"]
[EndTime "11:48:24 PDT"]
[Termination "annakantane won by resignation"]

1. e4 e5 2. Nf3 Nc6 3. Bb5 a6 4.
Ba4 Nf6 5. O-O Be7 6. Re1 b5 7. Bb3 d6 8. c3 O-O 9. h3 Re8 10. d4 Bf8 11. Nbd2 Bb7 12. Bc2 Nb8 13. b3 c5 14. Bb2 Nc6 15. d5 Ne7 16. c4 g6 17.
cxb5 axb5 18. a4 bxa4 19. bxa4 Bg7 20. Nc4 Ba6 21. Bd3 Nh5 22. g3 f5 23. exf5 gxf5 24. Ng5 Nf6 25. Ne6 Qb8 26. Nxg7 Kxg7 27. Rb1 Qc7 28. f4 e4 29. Qh5 Nxd5 30. Qxf5 exd3 31.
Qxd5 Qf7 32. Qg5+ Qg6 33. Bxf6+ Kg8 34. Qd5+ Qf7 35. Qxf7+ Kxf7 36. Nxd6+ Kxf6 37. Nxe8+ Kg6 38. Nc7 Ra7 39. Re6+ Kf5 40. Re5+ Kg6 41. Nxa6 Rxa6 42. Rxc5 Rxa4 43. Rd1 Ra3 44. Rd5 d2 45. Kg2 1-0

[Event "*** Titled Tuesday 3|2 Blitz"]
[Site "Chess.com"]
[Date "2016.07.05"]
[Round "4"]
[White "akinov-akinseye"]
[Black "Wolverine_master"]
[Result "1-0"]
[WhiteElo "1829"]
[BlackElo "2016"]
[TimeControl "180+2"]
[EndTime "11:48:26 PDT"]
[Termination "akinov-akinseye won by resignation"]

1. e4 e5 2. Nf3 Nc6 3. d4 exd4 4. Nxd4 Bc5 5. Be3 Qf6 6. c3 Nge7 7. Bc4 O-O 8. O-O Bb6 9. Bb3 d6 10. Nb5 a6 11. Bxb6 axb5 12. Bxc7 Na5 13. Na3 Nxb3 14.
Qxb3 Be6 15. Qxb5 d5 16. Qxb7 dxe4 17. Qxe4 Qg5 18. Bf4 Qg4 19. f3 Qh5 20. Bd6 Rae8 21. Rfe1 Qa5 22. Qb7 Bd5 23. Qb5 Qa7+ 24. Bc5 Qc7 25.
Bxe7 Rxe7 26. Rxe7 Qxe7 27. Qxd5 Qe3+ 28. Kh1 Qe2 29. Qb3 Re8 30. h3 h5 31. Nc4 Qf2 32. Qb5 Re2 33. Rg1 h4 34. a4 Qg3 35. a5 Rf2 36. Qe8+ Kh7 37. Qxf7 Re2 38. a6 Qb8 39. a7 Qg3 40. Qh5+ 1-0

[Event "*** Titled Tuesday 3|2 Blitz"]
[Site "Chess.com"]
[Date "2016.07.05"]
[Round "4"]
[White "TheLancer"]
[Black "AndreyOstrovskiy"]
[Result "1-0"]
[WhiteElo "2472"]
[BlackElo "2480"]
[TimeControl "180+2"]
[EndTime "11:48:29 PDT"]
[Termination "TheLancer won by resignation"]

1. e4 e5 2. Nf3 Nc6 3. Bb5 a6 4. Ba4 Nf6 5. O-O Be7 6. Re1 b5 7. Bb3 d6 8. c3 O-O 9. a4 Bg4 10.
h3 Bxf3 11. Qxf3 Na5 12. Bc2 b4 13. d4 b3 14. Bd3 c5 15. dxc5 dxc5 16. Nd2 Ne8 17. Nc4 Nd6 18. Nxe5 c4 19. Bf1 Qc8 20. Qg3 f5 21. Bh6 Bf6 22. Rad1 Nxe4 23. Rxe4 fxe4 24. Nd7 Ra7 25. Nxf8 Qxf8 26. Be3 Rb7 27. Qg4 h6 28. Qe6+ Kh8 29. Qxa6 Bxc3 30. bxc3 b2 31. Rb1 Qa3 32. Bxc4 Nxc4 33. Qxc4 Qa1 34. Qc8+ Kh7 35. Qf5+ g6 36. Qxe4 Rd7 37. Kh2 Rd1 38. Qe7+ Kg8 39. Bxh6 1-0

[Event "*** Titled Tuesday 3|2 Blitz"]
[Site "Chess.com"]
[Date "2016.07.05"]
[Round "4"]
[White "joppie2"]
[Black "TomsKantans"]
[Result "1-0"]
[WhiteElo "2531"]
[BlackElo "2431"]
[TimeControl "180+2"]
[EndTime "11:48:38 PDT"]
[Termination "joppie2 won by resignation"]

1. e4 c5 2. Nf3 Nf6 3. Nc3 Nc6 4. d4 d5 5. exd5 Nxd5 6. dxc5 Nxc3 7. Qxd8+ Kxd8 8.
bxc3 f6 9. Be3 e5 10. Bb5 Kc7 11. Nd2 Ne7 12. Ne4 Nd5 13. O-O-O Nxe3 14. fxe3 Be6 15.
Kb2 Be7 16. Ba4 Rad8 17. Bb3 Bf5 18. Bd5 Bxe4 19. Bxe4 Bxc5 20. Rxd8 Rxd8 21. Bxh7 Bxe3 22. Bd3 b6 23. Kb3 Kd6 24. Kc4 Rc8+ 25. Kb3 Bd2 26.
c4 Ke7 27. h4 Bf4 28. h5 Rd8 29. Re1 Rd4 30. Re2 Ke6 31. g4 Bg5 32. Bf5+ Kd6 33. Kb4 a6 34. a4 Bd2+ 35. c3 Kc7 36. Kb3 Rd8 37. Be4 Bf4 38. Bd5 a5 39. Kc2 Kd6 40. Kd3 Bc1 41. Ke4 Ke7 42. Kf5 Rd6 43. Ra2 Kd8 44.
Kg6 Bh6 45. Rb2 Kc7 46. Kf5 Bc1 47. Rb3 Bh6 48. Ke4 Rd7 49. Rb5 Bd2 50. c5 bxc5 51. Rxc5+ Kb6 52. Rc6+ Ka7 53. c4 Bb4 54. c5 Kb8 55.
Rb6+ Ka7 56. Rb5 Rc7 57. c6 Ka6 58. Kf5 Ka7 59. Kg6 Bd2 60. Be4 Ka6 61. Rb7 1-0

[Event "*** Titled Tuesday 3|2 Blitz"]
[Site "Chess.com"]
[Date "2016.07.05"]
[Round "4"]
[White "proxy6"]
[Black "eltenedor"]
[Result "0-1"]
[WhiteElo "1891"]
[BlackElo "2012"]
[TimeControl "180+2"]
[EndTime "11:48:44 PDT"]
[Termination "eltenedor won on time"]

1. e4 d5 2. exd5 Nf6 3. d4 Nxd5 4. Bd3 g6 5. Nf3 Bg7 6. O-O O-O 7. c3 Nd7 8. Re1 c5 9. Nbd2 cxd4 10. Nxd4 Nc5 11.
Bc2 e5 12. N4b3 Ne6 13. Nf3 f6 14. Be4 Ne7 15. Be3 f5 16. Bc2 b6 17. a4 Bb7 18. Ng5 Nxg5 19. Bxg5 Qc7 20. Qe2 h6 21. Bxe7 Qxe7 22. a5 Rae8 23. axb6 axb6 24. Qb5 Qc7 25. Nd2 e4 26. Bb3+ Kh8 27. Nf1 Re5 28.
Qb4 Qc6 29. Qc4 Rc5 30. Qe6 Qc7 31. Qxg6 f4 32. h4 Qe7 33. Ra7 Rc7 34. h5 f3 35. Ne3 Rf6 36. Qg3 Qc5 37. Rd1 Rf8 38. Raa1 Qxh5 39. Qxc7 Bc8 40. Qd6 fxg2 0-1